[Event "Titled Tuesday Blitz March 22 Late 2022"]
[White "Brahami, Lamine"]
[Black "Jaferian, Koosha"]
[WhiteFideId "7905637"]
[BlackFideId "12507440"]
[WhiteElo "1909"]
[BlackElo "2030"]
[Result "1/2-1/2"]
[Round "10"]
[TimeControl "180+1"]
[Date "2022.03.22"]
[WhiteClock "0:00:12"]
[BlackClock "0:00:23"]

1. d4 f5 2. c4 Nf6 3. Nc3 g6 4. g3 Bg7 5. Bg2 O-O 6. Nf3 d6 7. O-O Nc6 8. d5 Ne5 9. Nxe5 dxe5 10. e4 e6 11. Bg5 h6 12. Be3 g5 13. Bc5 Re8 14. Ba3 f4 15. Qe2 b6 16. Rfd1 Qd7 17. Bh3 Qf7 18. dxe6 Bxe6 19. Bxe6 Qxe6 20. Nd5 Rac8 21. Rac1 c6 22. Nxf6+ Qxf6 23. Rd6 Qf7 24. Rcd1 Rc7 25. Qg4 c5 26. b3 Bf6 27. Bb2 Rce7 28. Qf5 Re6 29. Rd7 R6e7 30. R1d6 Rxd7 31. Rxf6 Qh5 32. Rg6+ Rg7 33. Rxg7+ Kxg7 34. Bxe5+ Kg8 35. Qf6 Qd1+ 36. Kg2 f3+ 37. Kh3 Qd7+ 38. g4 Qh7 39. Kg3 h5 40. gxh5 a6 41. Qxg5+ Kf7 42. Qf6+ Kg8 43. Qg5+ Kf7 44. Qf6+ Kg8 45. Qg5+ 1/2-1/2


[Site "https://www.chess.com"]

[Event "Titled Tuesday Blitz March 22 Late 2022"]
[White "Buchenau, Frank"]
[Black "Swicarz, Maciej"]
[WhiteFideId "4604350"]
[BlackFideId "1113585"]
[WhiteElo "2459"]
[BlackElo "2542"]
[Result "0-1"]
[Round "10"]
[TimeControl "180+1"]
[Date "2022.03.22"]
[WhiteClock "0:01:01"]
[BlackClock "0:00:26"]

1. e4 c5 2. Nf3 d6 3. Bb5+ Nd7 4. O-O a6 5. Bd3 g6 6. Re1 Bg7 7. c3 b5 8. a4 c4 9. Bf1 Bb7 10. axb5 axb5 11. Rxa8 Qxa8 12. d3 Ngf6 13. Na3 cxd3 14. Bxd3 Bxe4 15. Bxe4 Nxe4 16. Qe2 d5 17. Qxb5 e6 18. Bf4 Qc8 19. Ne5 g5 20. Bg3 Nxg3 21. hxg3 h6 22. c4 Bxe5 23. Rxe5 O-O 24. cxd5 Nxe5 25. dxe6 Qxe6 0-1


[Site "https://www.chess.com"]

[Event "Titled Tuesday Blitz March 22 Late 2022"]
[White "Burke, Paul"]
[Black "Fajdetic, Hrvoje"]
[WhiteFideId "2605767"]
[BlackFideId "14501945"]
[WhiteElo "1929"]
[BlackElo "2172"]
[Result "0-1"]
[Round "10"]
[TimeControl "180+1"]
[Date "2022.03.22"]
[WhiteClock "0:00:01"]
[BlackClock "0:00:32"]

1. e4 c5 2. d4 cxd4 3. c3 d3 4. Bxd3 g6 5. Nf3 Bg7 6. Bc4 e6 7. e5 Ne7 8. O-O O-O 9. Bf4 Nbc6 10. Qe2 f6 11. exf6 Rxf6 12. Bg5 Rf7 13. Nbd2 Qa5 14. Ne4 d5 15. Nd6 dxc4 16. Nxf7 Kxf7 17. Qxc4 Qd5 18. Qh4 h6 19. Bxe7 Nxe7 20. Rad1 Qf5 21. Rd8 g5 22. Qb4 b6 23. Nd4 Qc5 24. Qb3 Qc7 25. Rd1 Qxd8 26. Nxe6 Qxd1+ 27. Qxd1 Bxe6 28. Qf3+ Bf6 29. Qxa8 a5 30. Qb7 Bxa2 31. Qxb6 a4 32. Qa6 Bb3 33. h3 Nd5 34. Qa7+ Kg6 35. Qd7 Nf4 36. Qe8+ Kg7 37. Qd7+ Kh8 38. Qe8+ Kh7 39. Qd7+ Bg7 40. Qf5+ Kg8 41. Qc8+ Kh7 42. Qf5+ Ng6 0-1


[Site "https://www.chess.com"]

[Event "Titled Tuesday Blitz March 22 Late 2022"]
[White "Chigaev, Maksim"]
[Black "Papp, Levente"]
[WhiteFideId "4108116"]
[BlackFideId "751243"]
[WhiteElo "2502"]
[BlackElo "2308"]
[Result "1/2-1/2"]
[Round "10"]
[TimeControl "180+1"]
[Date "2022.03.22"]
[WhiteClock "0:00:04"]
[BlackClock "0:00:06"]

1. d4 Nf6 2. Nf3 d5 3. Bg5 Nbd7 4. Nbd2 g6 5. e3 Bg7 6. c3 O-O 7. h3 Qe8 8. Bf4 c6 9. Be2 Ne4 10. Nxe4 dxe4 11. Nd2 f5 12. Bc4+ Kh8 13. Be6 Nf6 14. Bxc8 Rxc8 15. Nc4 Nd5 16. Be5 Qf7 17. Bxg7+ Qxg7 18. g3 c5 19. Rc1 g5 20. dxc5 Rxc5 21. Qd4 b6 22. h4 g4 23. Ke2 Rfc8 24. Qxg7+ Kxg7 25. Nd2 e5 26. Rhd1 Ne7 27. c4 b5 28. b4 R5c7 29. Nb3 Rxc4 30. Rxc4 Rxc4 31. Rd7 Kf6 32. Rxa7 Rxb4 33. Ra6+ Kf7 34. Kd2 Ra4 35. Rxa4 bxa4 36. Nc5 a3 37. Kc3 Nd5+ 38. Kb3 f4 39. exf4 exf4 40. Nxe4 f3 41. Kxa3 Ke6 42. Kb3 Ke5 43. Nd2 Kd4 44. Nc4 Kd3 45. Nd6 Ke2 46. Ne4 Kd3 47. Nc5+ Ke2 48. Ne4 Kd3 49. Nc5+ Ke2 50. Ne4 1/2-1/2


[Site "https://www.chess.com"]

[Event "Titled Tuesday Blitz March 22 Late 2022"]
[White "Curtis, John"]
[Black "Cramling Bellon, Anna"]
[WhiteFideId "3200256"]
[BlackFideId "32009232"]
[WhiteElo "2203"]
[BlackElo "1905"]
[Result "1-0"]
[Round "10"]
[TimeControl "180+1"]
[Date "2022.03.22"]
[WhiteClock "0:00:49"]
[BlackClock "0:00:01"]

1. e4 c5 2. Nf3 e6 3. d4 cxd4 4. Nxd4 Nc6 5. Nc3 a6 6. Nxc6 bxc6 7. e5 Qa5 8. f4 Bb4 9. Bd2 Ne7 10. Ne4 O-O 11. a3 Bxd2+ 12. Qxd2 Qxd2+ 13. Kxd2 Nd5 14. g3 a5 15. c4 Ne7 16. Kc3 Ba6 17. Rd1 Nf5 18. Nc5 d5 19. exd6 Rfd8 20. d7 Ne3 21. Rd4 Nf5 22. Rd2 Kf8 23. Bd3 Nd6 24. b3 Ke7 25. Rhd1 Nb7 26. Nxb7 Bxb7 27. c5 Rxd7 28. Bc4 Rad8 29. Rxd7+ Rxd7 30. Rxd7+ Kxd7 31. Kd4 f6 32. h4 h6 33. b4 axb4 34. axb4 Ke7 35. b5 cxb5 36. Bxb5 Bc8 37. Ba4 Ba6 38. Bb3 Bb5 39. Bc2 Bc6 40. Bd3 Kf7 41. Bc4 Ke7 42. Bd3 Kf7 43. h5 Ke7 44. Be2 Kd7 45. g4 Ke7 46. Bd1 Kd7 47. Kc3 e5 48. fxe5 fxe5 49. Kb4 e4 50. Ka5 Kc7 51. Kb4 e3 52. Be2 Bd7 53. Kc4 Kc6 54. Kd4 Be6 55. Bf3+ Kc7 56. Kxe3 Bd7 57. Kd4 Be6 58. Ke5 Bd7 59. Kf4 Be6 60. g5 hxg5+ 61. Kxg5 Kd7 62. Kg6 Ke7 63. Kxg7 1-0


[Site "https://www.chess.com"]

[Event "Titled Tuesday Blitz March 22 Late 2022"]
[White "Demchenko, Anton"]
[Black "Jary, Sergey"]
[WhiteFideId "4160258"]
[BlackFideId "14110350"]
[WhiteElo "2539"]
[BlackElo "2260"]
[Result "0-1"]
[Round "10"]
[TimeControl "180+1"]
[Date "2022.03.22"]
[WhiteClock "0:00:02"]
[BlackClock "0:00:02"]

1. e4 c5 2. Nf3 Nc6 3. Bb5 Qc7 4. O-O a6 5. Bxc6 Qxc6 6. d4 cxd4 7. Nxd4 Qc7 8. Re1 e6 9. b3 d6 10. c4 Be7 11. Nc3 Nf6 12. Bg5 h6 13. Bh4 b5 14. Rc1 b4 15. Nd5 exd5 16. cxd5 Qd7 17. Nf5 O-O 18. Qd4 Bb7 19. Qxb4 Rfe8 20. Qd4 Bd8 21. f3 a5 22. Nxh6+ gxh6 23. Bxf6 Kh7 24. Kh1 Rc8 25. Bxd8 Qxd8 26. Rc4 Rxc4 27. bxc4 Bc8 28. c5 dxc5 29. Qxc5 Rh8 30. h3 Qh4 31. Re2 Qh5 32. Qf2 Rg8 33. Kh2 Ba6 34. Rd2 Qe5+ 35. g3 h5 36. h4 Bc8 37. a3 Bd7 38. Re2 a4 39. f4 Qg7 40. f5 Qg4 41. Re3 Re8 0-1


[Site "https://www.chess.com"]

[Event "Titled Tuesday Blitz March 22 Late 2022"]
[White "Dobrov, Vladimir"]
[Black "Pichot, Alan"]
[WhiteFideId "4136594"]
[BlackFideId "110973"]
[WhiteElo "2614"]
[BlackElo "2579"]
[Result "1-0"]
[Round "10"]
[TimeControl "180+1"]
[Date "2022.03.22"]
[WhiteClock "0:00:24"]
[BlackClock "0:00:05"]

1. e4 c5 2. a3 b6 3. Nc3 Bb7 4. Nf3 e6 5. d4 cxd4 6. Nxd4 a6 7. g4 Ne7 8. h4 d5 9. Bg2 e5 10. exd5 exd4 11. Qxd4 Nd7 12. h5 Nf6 13. Bg5 Qd6 14. O-O-O O-O-O 15. Bf4 Qc5 16. Qe5 Nd7 17. Qe2 Nf6 18. Qe5 Nd7 19. Qe2 Nf6 20. Na4 Qa5 21. Qc4+ Kd7 22. Qc7+ Ke8 23. Qxb7 Qxa4 24. Bc7 Qxg4 25. d6 Qc8 26. Bc6+ Nd7 27. Qxb6 Nxc6 28. Qxc6 Be7 29. dxe7 Kxe7 30. Qd6+ Ke8 31. Rhe1+ 1-0


[Site "https://www.chess.com"]

[Event "Titled Tuesday Blitz March 22 Late 2022"]
[White "Dolzhykova, Kateryna"]
[Black "Pinheiro, Iung Alicio de O."]
[WhiteFideId "14113414"]
[BlackFideId "2104350"]
[WhiteElo "2184"]
[BlackElo "2530"]
[Result "1-0"]
[Round "10"]
[TimeControl "180+1"]
[Date "2022.03.22"]
[WhiteClock "0:00:13"]
[BlackClock "0:00:18"]

1. e4 c5 2. Nf3 Nc6 3. Bb5 e6 4. O-O Nge7 5. Re1 Nd4 6. Nxd4 cxd4 7. c3 a6 8. Ba4 b5 9. Bb3 Nc6 10. a4 b4 11. Bc2 Bc5 12. Qg4 O-O 13. d3 f5 14. exf5 Rxf5 15. c4 Bb7 16. Nd2 Rg5 17. Qh3 Qe7 18. Ne4 Rg6 19. Bd1 Rf8 20. Bh5 Rf5 21. Bxg6 hxg6 22. Bd2 Ne5 23. Qg3 g5 24. Bxg5 Qf8 25. Bh6 Be7 26. Nd2 Qf6 27. Rxe5 Rxe5 28. Bf4 Rf5 29. Bd6 Bxd6 30. Qxd6 Bxg2 31. Ne4 Bxe4 32. dxe4 Rxf2 33. Qb8+ Kh7 34. Qg3 Rf3 35. Qg4 Rf4 36. Qh5+ Kg8 37. Qe8+ Qf8 38. Qxf8+ Kxf8 39. Re1 Ke7 40. Kg2 e5 41. Kg3 a5 42. b3 d6 43. Re2 d3 44. Re3 d2 45. Rd3 Rxe4 46. Rxd2 Re3+ 47. Kg4 Rxb3 48. Rd5 Rc3 49. Rxa5 b3 50. Kf5 Rf3+ 51. Ke4 Rc3 52. Kd5 b2 53. Ra7+ Kf6 54. Rb7 Rd3+ 55. Kc6 Rd2 56. a5 Rxh2 57. a6 b1=Q 58. Rxb1 Ra2 59. Kb7 e4 60. a7 Ke5 61. a8=Q Rxa8 62. Kxa8 Kd4 63. Rd1+ Ke5 64. Rd5+ Ke6 65. Kb7 e3 66. Rd3 e2 67. Re3+ Kf5 68. Rxe2 g5 69. Kc6 g4 70. Kxd6 Kf4 71. c5 Kf3 72. Re8 g3 73. Rg8 g2 74. c6 Kf2 75. c7 g1=Q 76. Rxg1 Kxg1 77. c8=Q Kf2 78. Qe6 Kf3 79. Qe5 Kf2 80. Kd5 Kf3 81. Qe4+ Kf2 82. Kd4 Kf1 83. Qe3 Kg2 84. Qf4 Kh3 85. Qg5 Kh2 86. Ke3 Kh3 87. Kf3 Kh2 88. Qg2# 1-0


[Site "https://www.chess.com"]

[Event "Titled Tuesday Blitz March 22 Late 2022"]
[White "Domingo Nunez, Alejandro"]
[Black "Pesotskiy, Mikhail"]
[WhiteFideId "22245561"]
[BlackFideId "34164453"]
[WhiteElo "2215"]
[BlackElo "2010"]
[Result "1-0"]
[Round "10"]
[TimeControl "180+1"]
[Date "2022.03.22"]
[WhiteClock "0:02:19"]
[BlackClock "0:00:47"]

1. Nf3 Nf6 2. c4 e6 3. b3 b6 4. Bb2 Bb7 5. g3 Be7 6. Bg2 O-O 7. O-O c5 8. e3 d5 9. Qe2 Nc6 10. cxd5 Nxd5 11. d4 cxd4 12. Nxd4 Nxd4 13. Bxd4 Bf6 14. Rd1 Bxd4 15. Rxd4 Qf6 16. Qd2 Rac8 17. Na3 Ba6 18. h4 Nc3 19. Nc4 Bxc4 20. bxc4 Na4 21. Rd1 Nc5 22. h5 h6 23. Rf4 Qe7 24. Rd4 Qg5 25. Bf3 Qf6 26. Kg2 Qg5 27. Rg4 Qf6 28. Qd4 Qxd4 29. exd4 Na4 30. d5 Nc3 31. Rd3 Nxa2 32. Ra3 Nb4 33. Rxa7 exd5 34. cxd5 Rcd8 35. Rxb4 1-0


[Site "https://www.chess.com"]

[Event "Titled Tuesday Blitz March 22 Late 2022"]
[White "Donchenko, Anatoly"]
[Black "Marcziter, Dmitrii"]
[WhiteFideId "4106091"]
[BlackFideId "13900765"]
[WhiteElo "2339"]
[BlackElo "2155"]
[Result "1/2-1/2"]
[Round "10"]
[TimeControl "180+1"]
[Date "2022.03.22"]
[WhiteClock "0:00:56"]
[BlackClock "0:00:35"]

1. Nf3 Nf6 2. d4 g6 3. c4 Bg7 4. Nc3 O-O 5. e4 d6 6. Be2 Na6 7. h3 c5 8. Be3 cxd4 9. Nxd4 Nc5 10. Qc2 a5 11. O-O a4 12. b4 axb3 13. axb3 Bd7 14. f3 Nh5 15. Rfd1 Qc8 16. Bf1 Ng3 17. Nd5 Re8 18. Nb6 Rxa1 19. Nxc8 Rxd1 20. Qxd1 Rxc8 21. b4 Ne6 22. Nxe6 Bxe6 23. Bd3 Bxc4 24. Bxc4 Rxc4 25. Qa4 Be5 26. Qe8+ Kg7 27. Qxe7 Rc3 28. Bg5 Rb3 29. f4 Bd4+ 30. Kh2 Nf1+ 31. Kh1 Rb1 32. Qxd6 Ng3+ 33. Kh2 Nf1+ 34. Kh1 Ng3+ 35. Kh2 Nf1+ 36. Kh1 1/2-1/2


[Site "https://www.chess.com"]

[Event "Titled Tuesday Blitz March 22 Late 2022"]
[White "Elissalt Cardenas, Hector"]
[Black "Perez Torres, Nabi Isaias"]
[WhiteFideId "3500632"]
[BlackFideId "5120373"]
[WhiteElo "2159"]
[BlackElo "1755"]
[Result "1-0"]
[Round "10"]
[TimeControl "180+1"]
[Date "2022.03.22"]
[WhiteClock "0:00:03"]
[BlackClock "0:00:06"]

1. d4 Nf6 2. Nf3 g6 3. c4 Bg7 4. Nc3 d6 5. Bg5 h6 6. Bxf6 exf6 7. e3 O-O 8. Bd3 f5 9. O-O Nd7 10. Rc1 Re8 11. b4 c5 12. bxc5 dxc5 13. Nb5 Qb6 14. Rb1 a6 15. Nc3 Qd6 16. Bc2 f4 17. Qd2 Nb6 18. Ne4 Qc7 19. dxc5 Nxc4 20. Qb4 Ne5 21. Nxe5 Bxe5 22. exf4 Bxf4 23. Nf6+ Kf8 24. Nxe8 Kxe8 25. Rfe1+ Kf8 26. c6+ Bd6 27. cxb7 Bxb4 28. bxa8=Q Bxe1 29. Rxe1 Qxc2 30. h3 Kg7 31. Qb8 Be6 32. Qe5+ Kg8 33. a3 Qa2 34. Qd6 a5 35. Rc1 Kh7 36. Qe5 Bc4 37. Rd1 g5 38. Rd8 Qe2 39. Qh8+ 1-0


[Site "https://www.chess.com"]

[Event "Titled Tuesday Blitz March 22 Late 2022"]
[White "Erdogdu, Mert"]
[Black "Koutlas, Nikolaos"]
[WhiteFideId "6301495"]
[BlackFideId "25827138"]
[WhiteElo "2707"]
[BlackElo "2446"]
[Result "1-0"]
[Round "10"]
[TimeControl "180+1"]
[Date "2022.03.22"]
[WhiteClock "0:00:11"]
[BlackClock "0:00:03"]

1. e4 c5 2. Nf3 Nc6 3. d4 cxd4 4. Nxd4 e5 5. Nb5 d6 6. c4 g6 7. N1c3 a6 8. Na3 Bg7 9. Be3 Nf6 10. Be2 O-O 11. O-O Be6 12. Qd2 Rc8 13. Rfd1 Qa5 14. f3 Nd4 15. Bf1 Nh5 16. Nd5 Qd8 17. Rac1 f5 18. Bg5 Nf6 19. exf5 gxf5 20. f4 Bxd5 21. cxd5 Qb6 22. Kh1 Ne4 23. Qe3 Qxb2 24. Nc4 Nf2+ 25. Kg1 Nxd1 26. Rxd1 Qc2 27. Rd2 Qc1 28. Nxd6 Rc2 29. fxe5 Rxd2 30. Qxd2 Qxd2 31. Bxd2 Bxe5 32. Nxb7 Nb5 33. a4 Nc7 34. d6 Ne6 35. Bxa6 Rb8 36. d7 Kf7 37. Bc4 Bc7 38. Nc5 Bb6 39. Bxe6+ Ke7 40. Bg5+ Kd6 41. d8=Q+ Rxd8 42. Bxd8 Bxc5+ 43. Kf1 Kxe6 44. Ke2 Ke5 45. a5 Ba7 46. Bb6 Bb8 1-0


[Site "https://www.chess.com"]

[Event "Titled Tuesday Blitz March 22 Late 2022"]
[White "Fedoseev, Vladimir"]
[Black "Martinez Alcantara, Jose Eduardo"]
[WhiteFideId "24130737"]
[BlackFideId "3805662"]
[WhiteElo "2726"]
[BlackElo "2690"]
[Result "1-0"]
[Round "10"]
[TimeControl "180+1"]
[Date "2022.03.22"]
[WhiteClock "0:00:05"]
[BlackClock "0:00:02"]

1. e4 c5 2. Nf3 d6 3. d4 cxd4 4. Nxd4 Nf6 5. Nc3 Nc6 6. Bg5 e6 7. Qd2 a6 8. O-O-O Bd7 9. f3 Nxd4 10. Qxd4 Be7 11. h4 Qc7 12. Kb1 b5 13. Be2 Rb8 14. a3 a5 15. Bxf6 gxf6 16. Na2 O-O 17. c3 Rfc8 18. g4 Qc5 19. Qd2 Kh8 20. g5 Rg8 21. f4 Bc6 22. Bd3 d5 23. Qe2 Rg7 24. e5 f5 25. Rhe1 Qb6 26. b4 Ra8 27. Qe3 Qa6 28. Re2 Rgg8 29. Rb2 Rgc8 30. Kc2 Be8 31. Kd2 Bd8 32. Qf3 Qa7 33. Ke2 d4 34. cxd4 Bc6 35. Qe3 Bd5 36. Bxb5 Rab8 37. a4 Qa8 38. Nc3 Bc4+ 39. Kf2 axb4 40. Rxb4 Bd5 41. Nxd5 Qxd5 42. Rb2 Ba5 43. Qf3 Qd8 44. d5 Rc3 45. Rd3 Qb6+ 46. Kg2 Rbc8 47. Rbd2 Rc1 48. Rd1 R1c2+ 49. Kh3 Qc5 50. dxe6 fxe6 51. Qg3 Rg8 52. h5 Bb6 53. g6 Qf8 54. Rd7 Qh6 55. Rxh7+ Qxh7 56. gxh7 Rxg3+ 57. Kxg3 Rc3+ 58. Kg2 Be3 59. Rd8+ Kxh7 60. Rd7+ Kh6 61. Re7 Kxh5 62. Rxe6 Kg4 63. Rg6+ Kxf4 64. e6 Rc2+ 65. Kh3 Bc5 66. Rg7 Rc3+ 67. Kh4 Re3 68. Bd7 Bd4 69. Rf7 Bc5 70. Kh5 Rh3+ 71. Kg6 Rg3+ 72. Kf6 Re3 73. e7 Bd6 74. e8=Q Rxe8 75. Bxe8 Ke4 76. Ke6 1-0


[Site "https://www.chess.com"]

[Event "Titled Tuesday Blitz March 22 Late 2022"]
[White "Ferreira, Vitor Hugo Vieira"]
[Black "Janturin, Artur"]
[WhiteFideId "2119765"]
[BlackFideId "4130022"]
[WhiteElo "2165"]
[BlackElo "2347"]
[Result "1-0"]
[Round "10"]
[TimeControl "180+1"]
[Date "2022.03.22"]
[WhiteClock "0:00:15"]
[BlackClock "0:00:01"]

1. e4 a6 2. d4 b5 3. Nd2 Bb7 4. Bd3 Nf6 5. Ngf3 e6 6. O-O c5 7. c3 Nc6 8. Qe2 Be7 9. e5 Nd5 10. Ne4 cxd4 11. cxd4 O-O 12. a3 Rc8 13. Neg5 f5 14. exf6 Nxf6 15. Bd2 Qe8 16. Bc3 h6 17. d5 Nxd5 18. Qe4 Rf5 19. Nxe6 g6 20. Ned4 Nxd4 21. Nxd4 Nxc3 22. Qxb7 Rb8 23. Qxa6 Rf6 24. Qa5 Nd5 25. Qd2 Nf4 26. Bc2 Qf8 27. Bb3+ Kh7 28. Rae1 Bc5 29. g3 Nh3+ 30. Kg2 Ng5 31. h4 Nf7 32. Nf3 Rbb6 33. Bxf7 Rxf7 34. Ne5 Re7 35. Nxd7 Qa8+ 36. f3 Rxe1 37. Rxe1 Rd6 38. Re7+ Kg8 39. Qxh6 Rd2+ 40. Qxd2 1-0


[Site "https://www.chess.com"]

[Event "Titled Tuesday Blitz March 22 Late 2022"]
[White "Fiol, Fabrice"]
[Black "Antonova, Nadezhda"]
[WhiteFideId "611670"]
[BlackFideId "14700182"]
[WhiteElo "2415"]
[BlackElo "1751"]
[Result "1-0"]
[Round "10"]
[TimeControl "180+1"]
[Date "2022.03.22"]
[WhiteClock "0:00:09"]
[BlackClock "0:00:02"]

1. e4 c5 2. Nf3 d6 3. Bb5+ Nd7 4. c3 a6 5. Ba4 b5 6. Bc2 Bb7 7. O-O Ngf6 8. d3 e6 9. Re1 Be7 10. Nbd2 O-O 11. Nf1 Qc7 12. Ng3 Rfd8 13. a4 g6 14. h3 b4 15. Nh2 a5 16. Ng4 Nxg4 17. hxg4 Bf6 18. Bd2 d5 19. exd5 Bxd5 20. Ne4 Bg7 21. Bg5 Rdc8 22. Qd2 Rab8 23. Bf4 e5 24. Bh6 Bxh6 25. Qxh6 Bxe4 26. Rxe4 bxc3 27. bxc3 Nf6 28. Rc4 Rb2 29. Bd1 Qd7 30. g5 Nd5 31. Rh4 f5 32. gxf6 Nxf6 33. Bf3 Qxd3 34. Rd1 Qc2 35. Bd5+ Kh8 36. Rf1 Rb1 37. Rxb1 Qxb1+ 38. Kh2 Qd1 39. Bf3 Qd7 40. Qg5 Qe7 41. Qe3 Re8 42. g3 e4 43. Be2 Qe6 44. Qh6 Qe7 45. Qg5 Qg7 46. Qxc5 Rf8 47. Qxa5 Nh5 48. Bxh5 Rxf2+ 49. Kg1 Rf8 50. Be2 h5 51. Qb4 Rd8 52. Rxe4 Qa7+ 53. Kg2 Qf7 54. Qc4 Qd7 55. Rd4 Qb7+ 56. Bf3 Rf8 57. Bxb7 1-0


[Site "https://www.chess.com"]

[Event "Titled Tuesday Blitz March 22 Late 2022"]
[White "Gabrielian, Artur"]
[Black "Deac, Bogdan-Daniel"]
[WhiteFideId "4131002"]
[BlackFideId "1226380"]
[WhiteElo "2440"]
[BlackElo "2646"]
[Result "0-1"]
[Round "10"]
[TimeControl "180+1"]
[Date "2022.03.22"]
[WhiteClock "0:00:03"]
[BlackClock "0:00:03"]

1. e4 c5 2. Nf3 Nc6 3. Bb5 g6 4. O-O Bg7 5. Re1 Nf6 6. e5 Nd5 7. Nc3 Nc7 8. Bxc6 dxc6 9. Ne4 Ne6 10. d3 h6 11. a4 a5 12. b3 b6 13. Bb2 O-O 14. Qd2 Nd4 15. Bxd4 cxd4 16. Nh4 g5 17. Nf3 Qd5 18. Ng3 Bg4 19. Nxg5 Bxe5 20. N5e4 Bg7 21. f3 Be6 22. Nf2 Kh7 23. Re2 Rg8 24. Rae1 Bf6 25. Nfe4 Rg6 26. Nxf6+ exf6 27. Qf4 Rag8 28. Ne4 f5 29. Ng3 Qc5 30. Nh5 b5 31. Ng3 bxa4 32. bxa4 Rg5 33. Qe5 Qb4 34. Qf6 R5g6 35. Qe5 Qxa4 36. Nxf5 Rg5 37. Qxd4 Qb5 38. Ng3 R5g6 39. Re5 Qb7 40. Qc3 Qb6+ 41. d4 a4 42. Kf2 a3 43. Qxa3 Qxd4+ 44. Qe3 Qc4 45. Re2 c5 46. Re4 Qd5 47. Qd3 Qg5 48. Qe3 Qf6 49. c4 Qa1 50. Qf4 Qc3 51. Qe3 Qf6 52. Rf4 Qa1 53. Re4 R8g7 54. Re5 Qb1 55. Rxc5 Qa1 56. Re5 Bxc4 57. Rd2 Rxg3 58. Qe4+ R7g6 59. Qxc4 Rxg2+ 60. Ke3 Qe1+ 61. Re2 Qg1+ 62. Kd2 Rxe2+ 63. Qxe2 Rd6+ 64. Kc2 Rc6+ 65. Kd3 Rd6+ 66. Kc2 Kg7 67. Re3 Qg6+ 68. Rd3 Re6 69. Qd2 Qf6 70. Qc3 Rc6 0-1


[Site "https://www.chess.com"]

[Event "Titled Tuesday Blitz March 22 Late 2022"]
[White "Gatterer, Florian"]
[Black "Martin Carmona, Gaston Manuel"]
[WhiteFideId "811688"]
[BlackFideId "22284567"]
[WhiteElo "2218"]
[BlackElo "2161"]
[Result "0-1"]
[Round "10"]
[TimeControl "180+1"]
[Date "2022.03.22"]
[WhiteClock "0:00:03"]
[BlackClock "0:00:03"]

1. e4 e6 2. d4 d5 3. Nd2 c5 4. Ngf3 cxd4 5. exd5 Qxd5 6. Bc4 Qd6 7. O-O Nf6 8. Nb3 Nc6 9. Nbxd4 Nxd4 10. Qxd4 Qxd4 11. Nxd4 Bc5 12. Bb5+ Bd7 13. Bxd7+ Kxd7 14. Nb3 Bb6 15. a4 a5 16. Rd1+ Ke7 17. Bg5 Rhc8 18. c3 Rc4 19. Rd2 Rd8 20. Rxd8 Bxd8 21. Bxf6+ gxf6 22. Nd2 Rc5 23. Kf1 Rh5 24. h3 Rd5 25. Ke2 f5 26. Rd1 b5 27. axb5 Rxb5 28. Nc4 Bc7 29. Ra1 Rc5 30. Ra4 Kd7 31. f3 Kc6 32. Nd2 Bd8 33. Rc4 Kb5 34. Rxc5+ Kxc5 35. Kd3 a4 36. Nc4 Bg5 37. Ne5 f6 38. Nc4 Bc1 39. Nd2 Bxb2 40. Kc2 a3 41. Kb3 Bc1 42. Nb1 a2 43. Kxa2 Kc4 44. g4 f4 45. h4 e5 46. h5 h6 0-1


[Site "https://www.chess.com"]

[Event "Titled Tuesday Blitz March 22 Late 2022"]
[White "Golubev, Mikhail"]
[Black "Vifleemskaia, Svetlana"]
[WhiteFideId "14100983"]
[BlackFideId "4129490"]
[WhiteElo "2374"]
[BlackElo "1901"]
[Result "1-0"]
[Round "10"]
[TimeControl "180+1"]
[Date "2022.03.22"]
[WhiteClock "0:00:06"]
[BlackClock "0:00:03"]

1. e4 e5 2. Nf3 Nc6 3. Bb5 a6 4. Ba4 Nf6 5. O-O Be7 6. Bxc6 dxc6 7. d3 Nd7 8. Nbd2 O-O 9. Nc4 Bf6 10. b3 Re8 11. Bb2 g6 12. a4 Bg7 13. a5 b5 14. axb6 cxb6 15. Nd6 Re6 16. Nxc8 Qxc8 17. d4 exd4 18. Bxd4 Rxe4 19. Qd3 Re8 20. Bxg7 Kxg7 21. Qc3+ f6 22. Rfe1 Nc5 23. b4 Ne6 24. Rad1 Ra7 25. Rd6 Rc7 26. h3 a5 27. bxa5 bxa5 28. h4 h5 29. Ng5 Rce7 30. Rxc6 Qd7 31. Rexe6 Qxe6 32. Nxe6+ Rxe6 33. Rxe6 Rxe6 34. Qxa5 Kf7 35. Kh2 Re7 36. c4 1-0


[Site "https://www.chess.com"]

[Event "Titled Tuesday Blitz March 22 Late 2022"]
[White "Goryachkina, Aleksandra"]
[Black "Papasimakopoulos, Alexandros"]
[WhiteFideId "4147103"]
[BlackFideId "4244125"]
[WhiteElo "2426"]
[BlackElo "2340"]
[Result "0-1"]
[Round "10"]
[TimeControl "180+1"]
[Date "2022.03.22"]
[WhiteClock "0:00:06"]
[BlackClock "0:00:39"]

1. e4 e6 2. d4 d5 3. Nd2 Be7 4. Ngf3 Nf6 5. e5 Nfd7 6. Bd3 c5 7. c3 Nc6 8. O-O a5 9. Re1 cxd4 10. cxd4 g5 11. Nf1 g4 12. N3d2 h5 13. Bb5 Nxd4 14. Bxd7+ Bxd7 15. Nb3 Nxb3 16. axb3 Bc5 17. Be3 b6 18. Qd3 Bc6 19. Bd4 Qd7 20. Qe3 Bb5 21. Bxc5 bxc5 22. Qxc5 Bxf1 23. Rxf1 Qc8 24. Qb5+ Qd7 25. Qc5 Qc8 26. Rfc1 Qxc5 27. Rxc5 Kd7 28. Rcxa5 Rxa5 29. Rxa5 Rb8 30. Ra3 Kc6 31. Kf1 d4 32. Ke2 Kd5 33. Kd3 Kxe5 34. Ra5+ Kf4 35. Kc4 e5 36. b4 Rd8 37. b5 d3 38. Ra1 h4 39. b6 e4 40. Kc5 g3 41. hxg3+ hxg3 42. fxg3+ Kxg3 43. Re1 d2 0-1


[Site "https://www.chess.com"]

[Event "Titled Tuesday Blitz March 22 Late 2022"]
[White "Hambleton, Aman"]
[Black "Cappai, Davide"]
[WhiteFideId "2606577"]
[BlackFideId "813338"]
[WhiteElo "2552"]
[BlackElo "2295"]
[Result "1-0"]
[Round "10"]
[TimeControl "180+1"]
[Date "2022.03.22"]
[WhiteClock "0:00:12"]
[BlackClock "0:00:59"]

1. d4 c5 2. d5 e5 3. c4 d6 4. Nc3 g6 5. e4 Bg7 6. Bd3 Ne7 7. Nge2 O-O 8. a3 a6 9. b4 Nd7 10. Be3 Qc7 11. f3 b6 12. Rb1 h6 13. Qd2 Kh7 14. g4 Nf6 15. Ng3 Bd7 16. h4 Nfg8 17. h5 g5 18. Kf2 Rfb8 19. Rhc1 Nf6 20. Kg2 Kg8 21. Be2 Be8 22. Rb2 Rb7 23. Rcb1 Rab8 24. Bf2 Nd7 25. Rb3 Nf6 26. Qb2 Bd7 27. bxc5 dxc5 28. a4 Ne8 29. a5 Nc8 30. Qa3 Bf8 31. axb6 Rxb6 32. Nd1 Rb4 33. Rxb4 cxb4 34. Qxa6 Ned6 35. c5 Nb5 36. c6 Be8 37. Bxb5 Rb6 38. Bxb6 Nxb6 39. Qb7 Bd6 40. Qxc7 Bxc7 41. Rxb4 Nc8 42. Nf5 Kf8 43. Ba6 Nd6 44. Nde3 f6 45. Nxd6 Bxd6 46. Rb7 Bc5 47. Nf5 1-0


[Site "https://www.chess.com"]

[Event "Titled Tuesday Blitz March 22 Late 2022"]
[White "Ibarra Jerez, Jose Carlos"]
[Black "Karttunen, Mika"]
[WhiteFideId "2226332"]
[BlackFideId "502081"]
[WhiteElo "2626"]
[BlackElo "2343"]
[Result "1-0"]
[Round "10"]
[TimeControl "180+1"]
[Date "2022.03.22"]
[WhiteClock "0:00:08"]
[BlackClock "0:00:01"]

1. Nf3 Nf6 2. g3 g6 3. b3 Bg7 4. Bb2 O-O 5. Bg2 d6 6. d4 a5 7. c4 c6 8. Nc3 Nbd7 9. O-O Re8 10. Qd2 h6 11. e4 e5 12. Rad1 Qc7 13. Rfe1 Nf8 14. Ba3 Bg4 15. dxe5 dxe5 16. Bd6 Qc8 17. Bxe5 Rxe5 18. Nxe5 Bxd1 19. Rxd1 Ne6 20. Na4 Qe8 21. Qe1 Rd8 22. Rxd8 Qxd8 23. Nf3 b5 24. cxb5 cxb5 25. Nc3 b4 26. Na4 Ng4 27. Bh3 h5 28. Qe2 Qd6 29. Kg2 Qc6 30. Qc4 Qa8 31. Nb6 Qa7 32. Qc6 Nd4 33. Nxd4 Bxd4 34. Bxg4 hxg4 35. Nc8 Qb8 36. Nd6 Be5 37. Nc4 Bc3 38. Qd5 Qc7 39. e5 1-0


[Site "https://www.chess.com"]